 Dungeon Crawl Stone Soup version 0.16-a0-326-g6f2d4d4 (webtiles) character file.

462 PolkaDot the Caller (level 6, 0/41 HPs)
             Began as a Vampire Summoner on Sept 4, 2014.
             Succumbed to a water moccasin's poison
             ... on Level 5 of the Dungeon.
             The game lasted 00:14:02 (4063 turns).

PolkaDot the Caller (Vampire Summoner)              Turns: 4063, Time: 00:14:03

HP   0/41        AC  3     Str  7      XL: 6   Next: 79%
MP  11/13        EV 12     Int 19      God:
Gold 153         SH  0     Dex 14      Spells:  3 memorised,  5 levels left

rFire  . . .     SeeInvis +     e - +0 dagger
rCold  . . .     Clarity  .     a - +1 robe
rNeg   . . .     rCorr    .     (no shield)
rPois  .         rRot     .     (no helmet)
rElec  .         Spirit   .     (no cloak)
SustAb .         Warding  .     (no gloves)
rMut   .         Stasis   .     (no boots)
Gourm  .                        (no amulet)
MR     .....                    (no ring)
                                (no ring)

@: lethally poisoned, exhausted, very slightly contaminated, regenerating
quickly, hasted and slowed, not resistant to hostile enchantments, unstealthy
A: bottle blood, fangs 3, see invisible, spit poison 1, unbreathing
a: Spit Poison, Bottle Blood


You were on level 5 of the Dungeon.
You were very full.

You visited 1 branch of the dungeon, and saw 5 of its levels.

You collected 153 gold pieces.

Inventory:

Hand weapons
 e - a +0 dagger (weapon)
Armour
 a - a +1 robe (worn)
Magical devices
 d - a wand of fireball (1) {unknown}
 r - a wand of draining (7) {unknown}
Scrolls
 h - a scroll of enchant weapon {unknown}
 i - a scroll of recharging {unknown}
 k - a scroll of enchant armour
 l - a scroll of remove curse
 o - a scroll of amnesia {unknown}
Potions
 f - a potion of decay {!q}
 g - a potion of magic
 n - a potion of haste
 p - a potion of might
 q - a potion of brilliance
Books
 b - a book of Callings

   Spells                             Type                      Level
   *Summon Small Mammal               Summoning                    1
   *Call Imp                          Summoning                    2
   *Call Canine Familiar              Summoning                    3
   Summon Guardian Golem              Hexes/Summoning              4
   Summon Lightning Spire             Summoning/Air                4
   Summon Ice Beast                   Ice/Summoning                4


   Skills:
 - Level 2.1 Dodging
 - Level 3.0 Stealth
 + Level 3.3 Spellcasting
 * Level 7.6 Summonings


You had 5 spell levels left.
You knew the following spells:

 Your Spells              Type           Power        Failure   Level  Hunger
a - Summon Small Mammal   Summ           ####         1%          1    None
d - Call Canine Familiar  Summ           ####....     1%          3    ###....
s - Call Imp              Summ           ####....     1%          2    ##.....


Dungeon Overview and Level Annotations

Branches:
Dungeon (5/15)
 Temple: D:4-7

Altars:
Nemelex Xobeh
Okawaru
Vehumet


Innate Abilities, Weirdness & Mutations

Your natural rate of healing is unusually fast.
You can bottle blood from corpses.
You have razor-sharp teeth.
You have supernaturally acute eyesight.
You can survive without breathing.
You can spit poison.


Message History

You feel yourself speed up.
* * * LOW HITPOINT WARNING * * *
You feel very sick.
You are very lightly contaminated with residual magic.
* * * LOW HITPOINT WARNING * * *
You feel sick.
* * * LOW HITPOINT WARNING * * *
You feel sick.
* * * LOW HITPOINT WARNING * * *
You feel sick.
* * * LOW HITPOINT WARNING * * *
You feel sick.
You hear the rusting of a distant drain.
* * * LOW HITPOINT WARNING * * *
You feel sick.
Your crimson imp barely misses the worm.
* * * LOW HITPOINT WARNING * * *
You feel sick. The worm barely misses your hound.
Your white imp hits the worm.
Your white imp freezes the worm.
You die...

### ......[...
... ...........
... ............
#.# ....>......
#.# ..........
####.##
............
.....###.##
..#.<.
#.......... ...
##.####@........
...
#...............
....
#...####h........
.#...
####5w......#
#....
#..%5........
.....
#.##.##.........
#..
#....##.........
#...##.
#..#...........#
#.... .
#.##..#.#####
#####


You could see a worm, a friendly hound, a friendly crimson imp and a friendly
white imp.

Vanquished Creatures
  An orc wizard (D:4)
  An adder (D:2)
  3 giant geckos
  3 orcs
  2 ball pythons
  7 bats
  3 giant cockroaches
  6 hobgoblins
  7 giant newts
  10 goblins
  A hobgoblin zombie (D:4)
  14 kobolds
  13 rats
71 creatures vanquished.

Vanquished Creatures (collateral kills)
  A water moccasin (D:5)
  The ghost of Erbbu the Vexing, an average DEEn of Sif Muna (D:5)
  An ogre (D:4)
  Sigmund (D:5)
  A crimson imp (D:5)
  A quasit (D:3)
  A hound (D:5)
  2 orc priests (D:3)
  A worker ant (D:4)
  An orc wizard (D:4)
  2 adders
  A shadow imp (D:4)
  A worm (D:5)
  A giant gecko (D:4)
  7 orcs
  A bat (D:5)
  3 hobgoblins
  A giant newt skeleton (D:4)
  A rat (D:5)
29 creatures vanquished.

Vanquished Creatures (others)
  2 hounds
  A shadow imp (D:5)
  A rat (D:3)
4 creatures vanquished.

Grand Total: 104 creatures vanquished

Notes
Turn   | Place    | Note
--------------------------------------------------------------
     0 | D:1      | PolkaDot, the Vampire Summoner, began the quest for the Orb.
     0 | D:1      | Reached XP level 1. HP: 13/13 MP: 3/3
   449 | D:1      | Found a sparkling altar of Nemelex Xobeh.
   467 | D:1      | Reached XP level 2. HP: 11/19 MP: 2/4
   478 | D:1      | Learned a level 2 spell: Call Imp
  1119 | D:2      | Reached skill level 5 in Summonings
  1119 | D:2      | Reached XP level 3. HP: 20/24 MP: 6/6
  1124 | D:2      | Learned a level 3 spell: Call Canine Familiar
  1167 | D:2      | Found a sparkling altar of Nemelex Xobeh.
  2058 | D:3      | Reached XP level 4. HP: 11/30 MP: 0/7
  2323 | D:3      | Reached skill level 6 in Summonings
  2532 | D:3      | Found an iron altar of Okawaru.
  2946 | D:4      | Reached XP level 5. HP: 16/35 MP: 9/9
  3145 | D:4      | Noticed an ogre
  3151 | D:4      | Killed an ogre
  3615 | D:4      | Found a radiant altar of Vehumet.
  3840 | D:5      | Entered Level 5 of the Dungeon
  3849 | D:5      | Gained mutation: You can spit poison. [potion of beneficial mutation]
  3886 | D:5      | Noticed Sigmund
  3909 | D:5      | Killed Sigmund
  3909 | D:5      | Reached skill level 7 in Summonings
  3909 | D:5      | Reached XP level 6. HP: 41/41 MP: 1/11
  3965 | D:5      | Noticed Erbbu's ghost (average DEEn)
  3980 | D:5      | Killed Erbbu's ghost
  4039 | D:5      | Noticed a water moccasin
  4049 | D:5      | Killed a water moccasin
  4062 | D:5      | HP: 1/41 [poisoned by a water moccasin]
  4063 | D:5      | Succumbed to a water moccasin's poison

Action                   |  1- 3 |  4- 6 || total
-------------------------+-------+-------++-------
Melee: Dagger            |   231 |   146 ||   377
       Unarmed           |     7 |       ||     7
 Cast: Summon Small Mamm |     3 |       ||     3
       Call Imp          |     4 |    11 ||    15
       Call Canine Famil |     1 |    11 ||    12
 Abil: Spit Poison       |       |     2 ||     2
  Use: Potion            |     2 |     6 ||     8
       Scroll            |       |     8 ||     8
 Stab: Sleeping          |     9 |     3 ||    12
       Distracted        |     1 |     1 ||     2
  Eat: Corpse            |    18 |    16 ||    34
